 Dungeon Crawl Stone Soup version 0.19.1-1-g22dce08 (webtiles) character file.

211 theAP the Skirmisher (level 5, 0/34 HPs)
             Began as a Gargoyle Fighter on Jan 9, 2017.
             Slain by a centaur (2 damage)
             ... on level 3 of the Dungeon.
             The game lasted 00:04:55 (1693 turns).

theAP the Skirmisher (Gargoyle Fighter)             Turns: 1693, Time: 00:04:56

Health: 0/34       AC: 14    Str: 25    XL:     5   Next: 88%
Magic:  5/5        EV:  6    Int:  9    God:
Gold:   134        SH:  9    Dex:  9    Spells: 0 memorised, 4 levels left

rFire  + . .     SeeInvis .     e - +1 whip (venom)
rCold  . . .     Gourm    .     m - -1 chain mail (curse)
rNeg   + . .     Faith    .     c - +0 shield
rPois  ∞         Spirit   .     h - +1 helmet
rElec  +         Reflect  .     (no cloak)
rCorr  .         Harm     .     (no gloves)
MR     .....                    (no boots)
Stlth  ..........               o - amulet of rage
                                (no ring)
                                r - ring of protection from fire

@: mighty
A: negative energy resistance 1, electricity resistance, unbreathing,
petrification resistance, rot immunity, AC +4
a: Evoke Berserk Rage


You were on level 3 of the Dungeon.
You were not hungry.

You visited 1 branch of the dungeon, and saw 3 of its levels.

You collected 134 gold pieces.

Inventory:

Hand Weapons
 a - a +0 flail
 e - a +1 whip of venom (weapon)
Armour
 b - a +0 scale mail
 c - a +0 shield (worn)
 h - a +1 helmet (worn)
 m - a cursed -1 chain mail (worn)
 p - a +0 chain mail
Jewellery
 o - an amulet of rage (around neck)
 q - an uncursed ring of wizardry {unknown}
 r - a ring of protection from fire (left hand)
Potions
 d - a potion of might
 g - 2 potions of flight
 i - a potion of magic {unknown}
 j - a potion of heal wounds {unknown}
 k - a potion of berserk rage {unknown}
 l - a potion of ambrosia {unknown}
 n - 2 potions of curing {unknown}
Comestibles
 f - 2 bread rations
 s - a meat ration
 t - 2 chunks of flesh


   Skills:
 + Level 4.9 Fighting
 * Level 4.3 Maces & Flails
 - Level 3.5 Armour
 - Level 0.1 Dodging
 - Level 3.6 Shields


You had 4 spell levels left.
You didn't know any spells.

Dungeon Overview and Level Annotations

Branches:
Dungeon (3/15)

Altars:
Dithmenos
Gozag


Innate Abilities, Weirdness & Mutations

You are resistant to torment.
Your stone body is resilient. (AC +4)
You are immune to poison.
You resist negative energy. (rN+)
You are resistant to electric shocks. (rElec)
You can survive without breathing.
You are immune to petrification.
You are immune to rotting.


Message History

You whack the orc!
You kill the orc!
The centaur shoots an arrow.
You block the arrow.
You whack the orc!
You kill the orc!
The centaur shoots an arrow.
You block the arrow.
You whack the centaur!
The centaur is heavily wounded.
The centaur unwields an uncursed shortbow.
The centaur hits you.
* * * LOW HITPOINT WARNING * * *
You hit the centaur.
The centaur is poisoned.
The centaur is severely wounded.
The centaur hits you.
* * * LOW HITPOINT WARNING * * *
The centaur barely misses you.
You barely miss the centaur.
The centaur is severely wounded.
The centaur hits you.
You die...

###. #.# #.#
....##.# #.#
.....#.# #.# #
......)####.#####.#
#)(..........
#.†.>....!...
#oh(....###.
#c####..####.## #@#
#.........
........#
#†########
######..# #..## ..
#..####.#.## ..#
###.<......#.# ...
...#####...## ...
#..# #..## #.##..#
#..# #
#....#####..# #.


You could see a centaur, an orc and a jackal.

Vanquished Creatures
  2 orc wizards (D:3)
  4 adders
  An ooze (D:3)
  5 dart slugs
  13 orcs (D:3)
  2 giant cockroaches
  9 goblins
  5 hobgoblins
  9 jackals
  13 kobolds
  A quokka (D:2)
  3 ball pythons
  10 bats
  4 frilled lizards
  8 rats
89 creatures vanquished.

Notes
Turn   | Place    | Note
-------+----------+-------------------------------------------
     0 | D:1      | theAP the Gargoyle Fighter began the quest for the Orb.
     0 | D:1      | Reached XP level 1. HP: 14/14 MP: 1/1
   161 | D:1      | Reached XP level 2. HP: 8/19 MP: 2/2
   217 | D:1      | Reached XP level 3. HP: 9/24 MP: 3/3
   822 | D:2      | Found an opulent altar of Gozag.
   857 | D:2      | Reached XP level 4. HP: 29/29 MP: 4/4
   937 | D:2      | Found a shadowy altar of Dithmenos.
  1506 | D:3      | Reached XP level 5. HP: 32/34 MP: 5/5
  1654 | D:3      | Noticed a centaur
  1693 | D:3      | Slain by a centaur

Skill      XL: |  1  2  3  4  5 |
---------------+----------------+-----
Fighting       | 4 |  4.9
Maces & Flails | 3 4 |  4.3
Armour         | |  3.5
Dodging        | |  0.1
Shields        | |  3.6

Action                   |  1- 3 |  4- 6 || total
-------------------------+-------+-------++-------
Melee: Whip              |   126 |   152 ||   278
       Flail             |     4 |       ||     4
  Use: Scroll            |     2 |     2 ||     4
       Potion            |       |     1 ||     1
  Eat: Fruit             |       |     2 ||     2
       Chunk             |       |     1 ||     1
Armor: Scale mail        |    86 |       ||    86
       Chain mail        |    11 |    93 ||   104
Dodge: Dodged            |    52 |    32 ||    84
Block: Shield            |    69 |    66 ||   135
